Map: [ESL] Alcyone

Players

Stats - Winner!

  • Race: Protoss Protoss
  • Spawn Location: 1:00

Clem

  • Race: Terran Terran
  • Spawn Location: 7:00

Event: ESL Spring 2024 Finals

VOD

Have the link to the VOD?

Description

Time

  • Played on: May 31, 2024, 10:44 a.m.
  • Length: 15:12

All games in this series

Show
View Real Time Build Order
Export as new Build Order

Stats Protoss - Winner!

Build Orders: 1 Gate Expand, Blink Stalkers, Carriers, Colossus Rush 

Get SALT Encoding   

  12  0:00  Probe  
  13  0:12  Probe  
  14  0:17  Pylon  
  14  0:24  Probe (Chrono Boost)  
  15  0:36  Gateway, Probe (Chrono Boost)  
  16  0:44  Probe (Chrono Boost)  
  16  0:46  Assimilator  
  17  0:50  Probe  
  18  1:03  Probe  
  19  1:15  Probe  
  20  1:24  Cybernetics Core  
  20  1:32  Nexus  
  20  1:33  Probe  
  21  1:41  Pylon  
  21  1:46  Assimilator  
  21  1:47  Probe  
  22  1:57  Adept (Chrono Boost)  
  22  2:00  Probe  
  25  2:01  Warp Gate  
  25  2:12  Probe  
  26  2:20  Stalker  
  28  2:24  Probe  
  29  2:32  Twilight Council  
  29  2:36  Probe (Chrono Boost)  
  29  2:37  Shield Battery  
  30  2:44  Probe (Chrono Boost)  
  30  2:48  Probe (Chrono Boost)  
  32  2:52  Stalker  
  32  2:53  Probe (Chrono Boost)  
  32  2:55  Probe (Chrono Boost)  
  36  2:58  Probe (Chrono Boost)  
  36  3:03  Gateway  
  36  3:05  Probe  
  38  3:08  Blink (Chrono Boost)  
  38  3:10  Probe  
  39  3:17  Probe  
  40  3:22  Probe  
  40  3:26  Robotics Facility  
  41  3:30  Probe  
  41  3:32  Pylon  
  42  3:35  Probe  
  43  3:42  Gateway  
  43  3:44  Probe  
  43  3:46  Assimilator  
  43  3:47  Probe  
  45  3:51  Stalker  
  47  3:58  Probe  
  47  3:59  Stalker, Probe  
  51  4:03  Assimilator  
  51  4:06  Pylon x2  
  48  4:25  Observer (Chrono Boost)  
  48  4:27  Probe x2  
  48  4:28  Stalker  
  53  4:31  Pylon  
  53  4:39  Probe x2  
  53  4:42  Stalker  
  53  4:43  Stalker  
  53  4:44  Observer (Chrono Boost)  
  60  4:51  Robotics Bay, Probe x2  
  62  4:55  Shield Battery  
  62  4:59  Immortal  
  66  5:17  Nexus  
  66  5:19  Pylon  
  66  5:21  Probe x2  
  68  5:27  Forge  
  68  5:29  Charge  
  68  5:34  Probe x2  
  70  5:38  Colossus (Chrono Boost)  
  76  5:45  Extended Thermal Lance, Observer  
  76  5:48  Probe  
  77  5:57  Probe  
  77  5:59  Shield Battery  
  77  6:00  Probe  
  77  6:03  Pylon  
  79  6:04  Protoss Ground Weapons Level 1 (Chrono Boost)  
  79  6:10  Probe  
  80  6:12  Probe  
  80  6:14  Colossus (Chrono Boost)  
  81  6:19  Gateway  
  81  6:21  Gateway  
  87  6:27  Gateway  
  87  6:28  Probe  
  87  6:29  Probe  
  89  6:38  Zealot, Sentry x2  
  95  6:41  Probe x2  
  95  6:42  Probe  
  98  6:47  Pylon x2  
  98  6:56  Probe x3  
  98  6:59  Assimilator  
  98  7:00  Assimilator  
  101  7:01  Pylon  
  101  7:03  Zealot x3  
  107  7:12  Probe  
  107  7:13  Shield Battery, Probe x2  
  109  7:24  Zealot x6  
  109  7:29  Colossus  
  113  7:42  Templar Archives  
  113  7:44  Stalker  
  113  7:45  Stalker x3  
  119  7:58  Nexus  
  119  8:00  Pylon  
  113  8:06  Zealot x2  
  113  8:10  Probe x3  
  113  8:11  Zealot x3  
  112  8:19  Psionic Storm  
  112  8:24  Protoss Ground Weapons Level 2  
  112  8:26  Zealot x2  
  112  8:27  Zealot  
  110  8:33  Probe x3  
  103  8:37  Stalker x2  
  103  8:40  Assimilator  
  107  8:46  Stalker, Observer  
  109  8:52  Shield Battery  
  109  8:54  High Templar x3  
  109  8:55  Probe x3  
  118  9:01  Shield Battery x2  
  118  9:08  Sentry  
  119  9:10  Pylon  
  119  9:12  Observer  
  119  9:13  Probe  
  119  9:14  Probe x3  
  119  9:15  Zealot x2  
  127  9:21  Observer  
  125  9:32  High Templar  
  125  9:33  Zealot, High Templar x2  
  125  9:36  Assimilator  
  125  9:37  Assimilator  
  133  9:41  Zealot x2  
  133  9:43  Gateway  
  133  9:44  Gateway  
  137  9:48  Protoss Air Weapons Level 1 (Chrono Boost)  
  137  9:56  Probe x4  
  141  10:03  Photon Cannon  
  141  10:05  Photon Cannon  
  141  10:06  Photon Cannon  
  139  10:07  Photon Cannon  
  139  10:14  Stargate  
  139  10:17  Probe x3  
  139  10:19  Probe  
  141  10:26  Stalker x5  
  141  10:27  Stalker  
  149  10:40  Pylon x2  
  149  10:41  Pylon  
  147  10:49  Shield Battery, Protoss Ground Weapons Level 3 (Chrono Boost)  
  147  10:50  Observer  
  148  10:57  Fleet Beacon, Forge  
  148  10:58  Stargate  
  148  10:59  Stargate  
  148  11:16  Gateway  
  148  11:17  Gateway  
  146  11:23  Observer  
  146  11:25  Observer  
  145  11:32  Protoss Ground Armor Level 1 (Chrono Boost)  
  144  11:43  Carrier x3 (Chrono Boost)  
  144  11:46  Protoss Air Weapons Level 2 (Chrono Boost)  
  162  11:48  Pylon x2  
  168  11:57  Stalker x2, Mothership  
  168  11:58  Stalker x2  
  175  12:06  Pylon  
  175  12:08  Nexus  
  170  12:40  Carrier (Chrono Boost)  
  170  12:41  Carrier x2 (Chrono Boost)  
  188  12:47  Nexus  
  188  12:48  Pylon  
  180  13:03  Warp Prism (Chrono Boost)  
  182  13:06  Stalker x6  
  182  13:08  Stalker  
  182  13:09  Stalker  
  198  13:13  Stalker  
  200  13:24  Zealot  
  195  13:39  Probe x4  
  145  13:57  Stalker x7  
  145  13:58  Stalker x2  
  161  14:05  Probe x5  
  166  14:22  Stalker x3  
  166  14:23  Stalker x3  
  178  14:29  Stalker x2  
  178  14:39  Stalker x2  
  175  14:50  Stalker  
  175  14:51  Stalker x4  
Show
View Real Time Build Order
Export as new Build Order

Clem Terran 

Build Orders: 1/1/1 

Get SALT Encoding   

  12  0:00  SCV  
  13  0:12  SCV  
  14  0:16  Supply Depot  
  14  0:24  SCV  
  15  0:38  SCV  
  15  0:40  Barracks  
  16  0:43  Refinery  
  16  0:50  SCV  
  16  0:52  Refinery  
  17  1:02  SCV  
  18  1:14  SCV  
  19  1:27  Orbital Command  
  19  1:28  Reaper  
  19  1:29  Supply Depot  
  20  1:43  Factory  
  20  1:53  SCV  
  21  2:00  Barracks Reactor  
  21  2:05  SCV  
  22  2:12  Command Center  
  22  2:17  SCV  
  23  2:29  Starport  
  25  2:31  SCV  
  25  2:34  Widow Mine  
  25  2:36  Supply Depot  
  26  2:39  Marine  
  26  2:42  Marine  
  28  2:45  SCV  
  29  2:55  Widow Mine  
  29  2:58  Marine  
  32  2:59  SCV  
  32  3:00  Marine  
  34  3:06  Medivac  
  36  3:14  SCV  
  36  3:17  Widow Mine  
  39  3:24  Marine x2  
  39  3:26  SCV  
  42  3:34  Supply Depot  
  42  3:36  Barracks  
  42  3:37  Starport Tech Lab  
  42  3:38  Factory Tech Lab  
  42  3:45  Orbital Command  
  42  3:47  SCV  
  43  3:53  Marine  
  44  3:56  Raven  
  44  3:59  SCV  
  47  4:03  Siege Tank  
  47  4:06  Marine  
  51  4:11  Marine  
  51  4:12  SCV  
  51  4:16  SCV  
  52  4:20  Barracks  
  50  4:24  SCV  
  50  4:26  Marine  
  50  4:28  SCV  
  50  4:31  Engineering Bay  
  49  4:36  SCV, Siege Tank  
  53  4:42  Supply Depot  
  53  4:43  Stimpack  
  53  4:45  SCV  
  54  4:48  SCV, Marine  
  54  4:49  Marine  
  54  4:52  Refinery  
  57  4:56  Marauder  
  57  4:57  SCV  
  59  5:00  SCV  
  59  5:06  Supply Depot, Terran Infantry Weapons Level 1  
  60  5:09  SCV  
  60  5:11  Marine x2  
  60  5:12  SCV  
  64  5:14  Supply Depot  
  64  5:19  Marine x2  
  66  5:22  Combat Shield, SCV  
  66  5:24  SCV  
  66  5:27  Refinery  
  68  5:31  Starport Reactor  
  68  5:33  Marine x2  
  68  5:35  SCV  
  71  5:37  Marauder  
  71  5:38  Supply Depot  
  71  5:40  SCV, Factory Reactor  
  74  5:43  Marauder  
  74  5:47  Supply Depot, SCV  
  77  5:52  SCV, Marine x2  
  77  6:02  SCV  
  77  6:03  Supply Depot  
  77  6:04  Marauder  
  80  6:05  SCV  
  80  6:09  Medivac x2  
  85  6:15  Marine x2, Marauder  
  89  6:25  Marauder  
  91  6:26  Command Center  
  91  6:28  Concussive Shells  
  91  6:31  SCV  
  91  6:34  SCV  
  91  6:36  Marine  
  91  6:37  Marine, Marauder  
  95  6:41  Widow Mine  
  95  6:43  SCV  
  95  6:44  Widow Mine  
  95  6:45  Medivac  
  95  6:46  SCV  
  103  6:49  Medivac  
  103  6:50  Marine  
  106  6:56  Supply Depot, SCV  
  106  6:58  SCV, Marauder  
  110  7:16  Barracks  
  110  7:17  Marine x2, Barracks  
  110  7:18  SCV x2, Marauder, Widow Mine  
  110  7:19  Marine  
  103  7:30  Medivac  
  103  7:33  SCV x2, Terran Infantry Armor Level 1  
  103  7:34  Supply Depot  
  103  7:35  Marine  
  108  7:37  Marauder  
  108  7:39  Marauder  
  108  7:40  Orbital Command, Marine  
  113  7:45  SCV  
  113  7:46  SCV  
  113  7:51  Widow Mine x2  
  119  7:55  Medivac  
  119  7:58  SCV, Marine  
  118  7:59  Marauder  
  118  8:00  SCV  
  118  8:01  Marauder  
  114  8:05  Barracks Reactor  
  114  8:06  Barracks Tech Lab  
  114  8:08  Medivac  
  114  8:10  Marine  
  114  8:11  SCV  
  116  8:15  Widow Mine  
  116  8:16  Marine  
  116  8:17  Widow Mine  
  116  8:20  Marauder  
  116  8:21  SCV  
  116  8:22  Marauder  
  116  8:25  Viking  
  123  8:27  SCV, Marauder  
  123  8:28  Marine  
  123  8:31  SCV  
  123  8:33  Supply Depot  
  123  8:34  Marine  
  123  8:35  SCV  
  123  8:36  Widow Mine  
  123  8:37  Refinery x2  
  123  8:38  Supply Depot  
  127  8:42  Marine x2, Marauder  
  127  8:43  Marauder  
  127  8:46  Ghost Academy  
  131  8:49  Marauder, Viking  
  131  8:51  Marine  
  131  8:55  Widow Mine  
  138  8:58  Supply Depot  
  138  9:00  Supply Depot, Marine x2  
  140  9:03  Marauder  
  140  9:05  Marauder  
  140  9:06  Marine  
  143  9:10  Marauder  
  143  9:11  Armory  
  143  9:12  Engineering Bay  
  143  9:13  Marine  
  146  9:17  Marine  
  140  9:24  Marauder  
  140  9:26  Marauder, Command Center  
  140  9:29  Viking  
  140  9:31  Marauder  
  140  9:33  Marine x3  
  143  9:40  Viking  
  143  9:45  Marine, Ghost  
  147  9:47  Ghost  
  147  9:51  Barracks  
  151  9:55  Supply Depot  
  145  10:00  Barracks  
  145  10:02  Marine, Barracks  
  145  10:03  Starport, Ghost  
  145  10:05  Marine  
  149  10:07  Marine  
  149  10:08  Viking  
  152  10:18  Terran Infantry Armor Level 2  
  152  10:19  Terran Infantry Weapons Level 2  
  152  10:21  Missile Turret  
  152  10:22  Marine, Ghost  
  152  10:24  Marine x2  
  156  10:28  Viking  
  156  10:32  Terran Ship Weapons Level 1  
  156  10:34  Ghost  
  156  10:35  SCV x3  
  163  10:39  Marine  
  163  10:40  Marine  
  163  10:41  Barracks Tech Lab  
  163  10:42  Marauder  
  167  10:47  Supply Depot, SCV x2  
  167  10:48  SCV  
  170  10:52  Marauder  
  170  10:54  Medivac  
  174  11:02  Ghost  
  174  11:03  Marauder x2  
  182  11:04  SCV x2  
  182  11:06  Planetary Fortress  
  182  11:09  Marine, Medivac  
  182  11:10  Medivac  
  187  11:13  Marine x2  
  187  11:14  Barracks Tech Lab  
  187  11:15  Barracks Tech Lab  
  187  11:18  Marauder  
  190  11:19  Marine  
  190  11:25  Marauder x2  
  195  11:30  Refinery x2, Sensor Tower  
  195  11:36  Command Center  
  195  11:38  Ghost  
  197  11:42  Marine  
  197  11:44  Missile Turret  
  198  11:48  Command Center  
  198  11:51  Personal Cloaking  
  198  11:54  Ghost  
  200  12:04  Missile Turret  
  200  12:10  Command Center  
  200  12:17  Command Center  
  200  12:19  Missile Turret  
  200  12:28  Starport  
  200  12:29  Fusion Core  
  200  12:41  Terran Ship Weapons Level 2  
  198  12:48  Command Center  
  197  12:51  Ghost  
  197  12:52  Ghost  
  197  12:54  Ghost  
  196  13:01  Orbital Command  
  196  13:06  Liberator  
  196  13:12  Starport Reactor  
  199  13:14  Planetary Fortress  
  199  13:15  Advanced Ballistics  
  199  13:21  Ghost  
  199  13:22  Liberator  
  199  13:23  Missile Turret  
  199  13:26  Unknown  
  197  13:27  Liberator  
  197  13:31  Orbital Command  
  199  13:43  Marine, Marauder  
  199  13:44  Ghost  
  199  13:47  Viking  
  199  13:48  Marauder  
  181  13:49  Marine, Ghost  
  181  13:53  Viking x2  
  181  13:54  Viking  
  146  13:56  Marine  
  146  13:58  Marine  
  146  14:00  Marine  
  146  14:01  Marine  
  137  14:05  Viking  
  137  14:07  Marauder  
  137  14:08  Marine x2  
  143  14:10  Viking  
  143  14:12  Orbital Command  
  143  14:15  Marine x3  
  147  14:17  Marine  
  147  14:19  Marine, Viking  
  147  14:23  Marine x2  
  150  14:26  Marine x2  
  150  14:28  Viking  
  150  14:29  Marine  
  140  14:33  Viking  
  140  14:37  Marine  
  132  14:39  Marine, Viking  
  132  14:41  Marine  
  132  14:43  Marine  
  132  14:44  Marine  
  132  14:45  Marine  
  117  14:47  Marine  
  117  14:49  Marine  
Tags
 
Add a new tag
Caveats
  • Supply blocks, unpowered buildings, or Contaminate may cause inaccurate times.
  • Supply counts are checked every 10 seconds.